[Event "Chinese Team-ch Men 2025"]
[Site "Zhang Jiakou Hebei"]
[Date "2025.04.25"]
[Round "1.1"]
[White "Xu, Minghui"]
[Black "Zhao, Jun"]
[Result "1/2-1/2"]
[Annotator "RC"]
[ECO "C55"]
[WhiteElo "2459"]
[BlackElo "2532"]
[PlyCount "87"]
[EventDate "2025.04.26"]
[EventType "team-tourn"]
[EventCountry "CHN"]
[SourceTitle "playchess.com"]
[Source "ChessBase"]
[SourceQuality "1"]
[TimeControl "5400+30"]

1. e4 e5 2. Nf3 Nc6 3. Bc4 Nf6 4. d3 Be7 5. O-O O-O 6. Nc3 d6 7. a4 Na5 8. Ba2 c5 9. Bg5 Nc6 10. Bxf6 Bxf6 11. Nd5 g6 12. c3 Bg7 13. Ne1 Be6 14. Nc2 Rc8 15. Nce3 Kh8 16. f4 exf4 17. Nxf4 Bxa2 18. Rxa2 a6 19. Nfd5 b5 20. axb5 axb5 21. Ra6 Ne5 22. Ng4 f5 23. exf5 gxf5 24. Nge3 Qg5 25. Nf4 Ng6 26. Qh5 Qxh5 27. Nxh5 f4 28. Nd5 Be5 29. g4 fxg3 30. hxg3 b4 31. Nhf6 Ra8 32. Rc6 bxc3 33. bxc3 Rfc8 34. Rxc8+ Rxc8 35. Ne4 Kg7 36. Ng5 Bxg3 37. Rf7+ Kh6 38. Ne4 Be5 39. Ne3 Nf4 40. Nf5+ Kg6 41. Nexd6 Bxd6 42. Nxd6 Rd8 43. Rxf4 Rxd6 44. Rc4 1/2-1/2

[Event "Chinese Team-ch Men 2025"]
[Site "Zhang Jiakou Hebei"]
[Date "2025.04.25"]
[Round "1.2"]
[White "Xiao, Tong"]
[Black "Chen, Yuan"]
[Result "1-0"]
[Annotator "RC"]
[ECO "B40"]
[WhiteElo "2496"]
[BlackElo "2286"]
[PlyCount "85"]
[EventDate "2025.04.26"]
[EventType "team-tourn"]
[EventCountry "CHN"]
[SourceTitle "playchess.com"]
[Source "ChessBase"]
[SourceQuality "1"]
[TimeControl "5400+30"]

1. e4 c5 2. Nf3 e6 3. c3 d5 4. e5 d4 5. d3 Nc6 6. g3 Nge7 7. Bg2 Ng6 8. Qe2 Qc7 9. Na3 dxc3 10. O-O Ncxe5 11. Nxe5 Qxe5 12. Be4 Be7 13. h4 f5 14. Nc4 Qc7 15. Bg2 cxb2 16. Bxb2 O-O 17. h5 Nh8 18. Be5 Qd7 19. h6 gxh6 20. Qb2 Ng6 21. Bg7 Rf7 22. Bxh6 Bf6 23. Qa3 Bxa1 24. Rxa1 Qc7 25. d4 cxd4 26. Rc1 Bd7 27. Nd6 Bc6 28. Nxf7 Kxf7 29. Qa4 Rc8 30. Qxd4 Kg8 31. Bxc6 bxc6 32. Rxc6 Rd8 33. Rxc7 Rxd4 34. Rg7+ Kh8 35. Rxa7 Kg8 36. a4 Rd1+ 37. Kg2 Ra1 38. a5 Ra2 39. a6 Ne5 40. Rg7+ Kf8 41. Rb7+ Ke8 42. a7 Ng4 43. Bc1 1-0

[Event "Chinese Team-ch Men 2025"]
[Site "Zhang Jiakou Hebei"]
[Date "2025.04.25"]
[Round "1.3"]
[White "Chen, Zhi"]
[Black "Huang, Renjie"]
[Result "1/2-1/2"]
[Annotator "RC"]
[ECO "D02"]
[WhiteElo "2094"]
[BlackElo "2491"]
[PlyCount "63"]
[EventDate "2025.04.26"]
[EventType "team-tourn"]
[EventCountry "CHN"]
[SourceTitle "playchess.com"]
[Source "ChessBase"]
[SourceQuality "1"]
[TimeControl "5400+30"]

1. d4 Nf6 2. Bf4 d5 3. e3 e6 4. Nf3 c5 5. Nbd2 Nc6 6. c3 Nh5 7. Bg3 Nxg3 8. hxg3 g6 9. Bd3 Qb6 10. Rb1 Bg7 11. O-O O-O 12. b4 cxb4 13. cxb4 Bd7 14. Nb3 e5 15. Nxe5 Nxe5 16. dxe5 Bxe5 17. Be2 Rfd8 18. Qxd5 Bc3 19. Bc4 Be6 20. Qb5 Qxb5 21. Bxb5 Bf5 22. Rbc1 Bxb4 23. Nd4 Be4 24. Rc4 Bd6 25. Ne6 Bxg2 26. Kxg2 fxe6 27. Re4 e5 28. f4 exf4 29. exf4 Bc5 30. f5 Rd2+ 31. Kh3 Rf8 32. f6 1/2-1/2

[Event "Chinese Team-ch Men 2025"]
[Site "Zhang Jiakou Hebei"]
[Date "2025.04.25"]
[Round "1.4"]
[White "Wang, Yanbin"]
[Black "Gao, Kai"]
[Result "1-0"]
[Annotator "ChessBase"]
[ECO "D31"]
[WhiteElo "2454"]
[BlackElo "1894"]
[PlyCount "70"]
[EventDate "2025.04.26"]
[EventType "team-tourn"]
[EventCountry "CHN"]
[SourceTitle "playchess.com"]
[Source "ChessBase"]
[SourceQuality "1"]
[TimeControl "5400+30"]

1. c4 e6 2. Nc3 d5 3. cxd5 exd5 4. d4 c6 5. Bf4 Bd6 6. Bxd6 Qxd6 7. e3 Nf6 8. Bd3 O-O 9. h3 Re8 10. Qc2 Nbd7 11. Nf3 a6 12. g4 g6 13. O-O-O b5 14. h4 c5 15. h5 Nf8 16. hxg6 fxg6 17. g5 cxd4 18. Nxd4 b4 19. Nce2 Nh5 20. Kb1 Bd7 21. e4 Nf4 22. Nxf4 Qxf4 23. Qb3 Kh8 24. Qxd5 Rad8 25. Ne2 Qe5 26. Qxe5+ Rxe5 27. f4 Ree8 28. e5 Bc6 29. Rhe1 a5 30. Bc4 Be4+ 31. Ka1 Rc8 32. b3 Bf3 33. Rd6 Bg4 34. Nd4 Re7 35. e6 Rc5 1-0

[Event "Chinese Team-ch Men 2025"]
[Site "Zhang Jiakou Hebei"]
[Date "2025.04.25"]
[Round "1.5"]
[White "Dai, Changren"]
[Black "Cao, Qingfeng"]
[Result "1-0"]
[Annotator "RC"]
[ECO "A04"]
[WhiteElo "2527"]
[BlackElo "2443"]
[PlyCount "135"]
[EventDate "2025.04.26"]
[EventType "team-tourn"]
[EventCountry "CHN"]
[SourceTitle "playchess.com"]
[Source "ChessBase"]
[SourceQuality "1"]
[TimeControl "5400+30"]

1. Nf3 Nf6 2. g3 b6 3. Bg2 Bb7 4. O-O c5 5. Re1 d5 6. d3 g6 7. Nbd2 Bg7 8. e4 dxe4 9. dxe4 Nfd7 10. e5 Nf8 11. c3 Qd7 12. a4 Ne6 13. a5 O-O 14. Nc4 b5 15. a6 Bd5 16. Ne3 Be4 17. c4 bxc4 18. Qxd7 Nxd7 19. Nxc4 Bd5 20. Nfd2 Bxg2 21. Kxg2 Nd4 22. Ra4 f6 23. exf6 exf6 24. Nf3 f5 25. Bf4 Rfe8 26. Raa1 Nf8 27. Nd6 Rxe1 28. Rxe1 Nfe6 29. Be5 Nxf3 30. Kxf3 Rd8 31. Nb7 Rd3+ 32. Kg2 Bxe5 33. Rxe5 Nc7 34. Nxc5 Rd6 35. Re7 Nxa6 36. Na4 Nb4 37. Rxa7 Rd2 38. Kf3 Nc6 39. Rc7 Ne5+ 40. Ke3 Rd3+ 41. Ke2 Rb3 42. Rc5 Nd7 43. Rc7 Nf6 44. Rc6 Kf7 45. Rb6 Rxb6 46. Nxb6 Ke6 47. f3 Kd6 48. Nc4+ Kc5 49. Kd3 Nd5 50. Ne5 Nb4+ 51. Kc3 Nd5+ 52. Kd3 Nb4+ 53. Kd2 Kd4 54. Nd7 h6 55. Nf8 g5 56. Ke2 Nd3 57. Ne6+ Kc4 58. b3+ Kc3 59. Ke3 Nb4 60. Ng7 Nd5+ 61. Ke2 Ne7 62. g4 fxg4 63. fxg4 Kxb3 64. Nf5 Ng6 65. Ke3 Kc4 66. Ke4 Nf4 67. Nxh6 Nh3 68. Nf7 1-0

[Event "Chinese Team-ch Men 2025"]
[Site "Zhang Jiakou Hebei"]
[Date "2025.04.25"]
[Round "1.6"]
[White "Dong, Hongfu"]
[Black "Wang, Shixu B"]
[Result "1-0"]
[Annotator "ChessBase"]
[ECO "B97"]
[WhiteElo "2238"]
[BlackElo "2452"]
[PlyCount "49"]
[EventDate "2025.04.26"]
[EventType "team-tourn"]
[EventCountry "CHN"]
[SourceTitle "playchess.com"]
[Source "ChessBase"]
[SourceQuality "1"]
[TimeControl "5400+30"]

1. e4 c5 2. Nf3 d6 3. d4 cxd4 4. Nxd4 Nf6 5. Nc3 a6 6. Bg5 e6 7. f4 h6 8. Bh4 Qb6 9. Qd2 Qxb2 10. Rb1 Qa3 11. e5 dxe5 12. fxe5 g5 13. Bg3 Nh5 14. Ne4 Nxg3 15. hxg3 Nd7 16. Be2 Be7 17. Rb3 Qa4 18. Nd6+ Bxd6 19. exd6 e5 20. Nf5 Nc5 21. Qc3 Nd7 22. Ne7 Qe4 23. Nxc8 Qxg2 24. Rf1 h5 25. Nb6 1-0

[Event "Chinese Team-ch Men 2025"]
[Site "Zhang Jiakou Hebei"]
[Date "2025.04.25"]
[Round "1.7"]
[White "Chu, Weichao"]
[Black "Xia, Jinnan"]
[Result "1-0"]
[Annotator "ChessBase"]
[ECO "E00"]
[WhiteElo "2406"]
[BlackElo "1959"]
[PlyCount "79"]
[EventDate "2025.04.26"]
[EventType "team-tourn"]
[EventCountry "CHN"]
[SourceTitle "playchess.com"]
[Source "ChessBase"]
[SourceQuality "1"]
[TimeControl "5400+30"]

1. d4 Nf6 2. c4 e6 3. g3 Bb4+ 4. Nd2 c5 5. a3 Bxd2+ 6. Qxd2 Nc6 7. dxc5 Ne4 8. Qe3 Qa5+ 9. Bd2 Nxd2 10. Qxd2 Qxc5 11. Rc1 Qd4 12. Qc2 O-O 13. Bg2 Qf6 14. Nf3 d6 15. h4 e5 16. O-O Bf5 17. Qc3 Be4 18. Qe3 Qf5 19. Rfd1 Rad8 20. b4 b6 21. Bh3 Qxh3 22. Qxe4 Qc8 23. Ng5 g6 24. h5 Nd4 25. Kg2 Qf5 26. Qxf5 gxf5 27. e3 Nc6 28. Rd2 Rd7 29. Rcd1 Rfd8 30. h6 Kf8 31. Nxh7+ Ke7 32. Ng5 Rh8 33. Rxd6 Rxd6 34. Rxd6 Nd8 35. c5 f6 36. Nf3 bxc5 37. bxc5 Ne6 38. Nh4 Nxc5 39. Rc6 Ne4 40. Ng6+ 1-0

[Event "Chinese Team-ch Men 2025"]
[Site "Zhang Jiakou Hebei"]
[Date "2025.04.25"]
[Round "1.8"]
[White "Pan, Xizhi"]
[Black "Xi, Qi"]
[Result "0-1"]
[Annotator "ChessBase"]
[ECO "D02"]
[WhiteElo "1821"]
[BlackElo "2257"]
[PlyCount "92"]
[EventDate "2025.04.26"]
[EventType "team-tourn"]
[EventCountry "CHN"]
[SourceTitle "playchess.com"]
[Source "ChessBase"]
[SourceQuality "1"]
[TimeControl "5400+30"]

1. d4 d5 2. Nf3 Nf6 3. Bf4 c5 4. e3 Nc6 5. c3 Qb6 6. Qc2 g6 7. dxc5 Qxc5 8. Nbd2 Bg7 9. Bd3 O-O 10. Bc7 e6 11. O-O Nh5 12. e4 e5 13. b4 Qe7 14. exd5 Qxc7 15. dxc6 bxc6 16. Nb3 Nf4 17. Rae1 Bg4 18. Ng5 Qd8 19. Ne4 Qxd3 20. Qxd3 Nxd3 21. Re3 Rad8 22. f3 Be6 23. Rd1 Nf4 24. Rxd8 Rxd8 25. Na5 Rd1+ 26. Kf2 f5 27. Nc5 Rd2+ 28. Kf1 Bxa2 29. g3 Nd5 30. Re1 Nxc3 31. Nxc6 Bc4+ 32. Kg1 Ne2+ 33. Kf2 Ra2 34. Ne7+ Kf7 35. Nc8 Nd4+ 36. Ke3 Bh6+ 37. f4 Nc2+ 38. Kd2 Nxe1+ 39. Kxe1 Bf8 40. fxe5 Re2+ 41. Kd1 Rxe5 42. Nxa7 Bxc5 43. bxc5 Rxc5 44. Ke1 Rc7 45. Kf2 Rxa7 46. h3 Ke6 0-1

[Event "Chinese Team-ch Men 2025"]
[Site "Zhang Jiakou Hebei"]
[Date "2025.04.25"]
[Round "1.9"]
[White "Wang, Yiye"]
[Black "Xiu, Deshun"]
[Result "1/2-1/2"]
[Annotator "RC"]
[ECO "D38"]
[WhiteElo "2446"]
[BlackElo "2516"]
[PlyCount "70"]
[EventDate "2025.04.26"]
[EventType "team-tourn"]
[EventCountry "CHN"]
[SourceTitle "playchess.com"]
[Source "ChessBase"]
[SourceQuality "1"]
[TimeControl "5400+30"]

1. d4 Nf6 2. c4 e6 3. Nc3 Bb4 4. Nf3 d5 5. Bg5 h6 6. Bxf6 Qxf6 7. e3 O-O 8. Rc1 dxc4 9. Bxc4 c5 10. O-O cxd4 11. Ne4 Qe7 12. a3 Ba5 13. exd4 Rd8 14. b4 Bb6 15. Nc3 Nc6 16. d5 Qf6 17. Qb3 Nd4 18. Nxd4 Bxd4 19. dxe6 Bxe6 20. Ne4 Qf5 21. Bxe6 Qxe6 22. Qxe6 fxe6 23. Rc7 Bb2 24. Rxb7 Bxa3 25. Ra1 Bb2 26. Rb1 Bd4 27. Rc1 Rac8 28. Rxc8 Rxc8 29. Kf1 Bb6 30. Nc5 Bxc5 31. bxc5 a6 32. Rb6 Rxc5 33. Rxa6 Kf7 34. Ra7+ Kf6 35. Rb7 Rc2 1/2-1/2

[Event "Chinese Team-ch Men 2025"]
[Site "Zhang Jiakou Hebei"]
[Date "2025.04.25"]
[Round "1.10"]
[White "Peng, Hongchi"]
[Black "Hou, Yifan b"]
[Result "1-0"]
[Annotator "ChessBase"]
[ECO "B31"]
[WhiteElo "2419"]
[BlackElo "2313"]
[PlyCount "73"]
[EventDate "2025.04.26"]
[EventType "team-tourn"]
[EventCountry "CHN"]
[SourceTitle "playchess.com"]
[Source "ChessBase"]
[SourceQuality "1"]
[TimeControl "5400+30"]

1. e4 c5 2. Nf3 Nc6 3. Bb5 g6 4. O-O Bg7 5. Bxc6 dxc6 6. d3 Nf6 7. h3 O-O 8. a4 Ne8 9. Nc3 e5 10. Be3 Qe7 11. a5 Nc7 12. Nd2 Ne6 13. Ne2 f5 14. exf5 gxf5 15. Nf3 Bd7 16. Re1 Be8 17. Bd2 Bh5 18. Ng3 Bxf3 19. Qxf3 Nd4 20. Qd1 Qf7 21. Bc3 Rae8 22. Bxd4 cxd4 23. Ra3 Re7 24. Qf3 Qg6 25. Qh5 Bh6 26. Qf3 Rff7 27. Re2 e4 28. dxe4 fxe4 29. Qg4 e3 30. Qxd4 Rd7 31. Qxa7 Rd1+ 32. Kh2 Bf4 33. Raxe3 Bxe3 34. Qxe3 Rd5 35. b4 h5 36. Qe8+ Kg7 37. c4 1-0

[Event "Chinese Team-ch Men 2025"]
[Site "Zhang Jiakou Hebei"]
[Date "2025.04.25"]
[Round "1.11"]
[White "Fan, Huifeng"]
[Black "Zhang, Di"]
[Result "0-1"]
[Annotator "ChessBase"]
[ECO "B22"]
[WhiteElo "2178"]
[BlackElo "2406"]
[PlyCount "50"]
[EventDate "2025.04.26"]
[EventType "team-tourn"]
[EventCountry "CHN"]
[SourceTitle "playchess.com"]
[Source "ChessBase"]
[SourceQuality "1"]
[TimeControl "5400+30"]

1. e4 c5 2. c3 Nf6 3. e5 Nd5 4. Nf3 Nc6 5. d4 cxd4 6. cxd4 e6 7. Bc4 d6 8. O-O Be7 9. Qe2 O-O 10. Nc3 Nxc3 11. bxc3 dxe5 12. dxe5 Qc7 13. Qe4 b6 14. Re1 Bb7 15. Qg4 Rfd8 16. Bh6 Bf8 17. Re3 Ne7 18. Ng5 Nf5 19. Rh3 Qxe5 20. Nxh7 Nxh6 21. Rxh6 Be7 22. Bxe6 fxe6 23. Rxe6 Qxc3 24. Ree1 Kxh7 25. Rac1 Qf6 0-1

[Event "Chinese Team-ch Men 2025"]
[Site "Zhang Jiakou Hebei"]
[Date "2025.04.25"]
[Round "1.12"]
[White "Zhang, Zhi"]
[Black "Qu, Yanqiao"]
[Result "1-0"]
[Annotator "ChessBase"]
[ECO "D37"]
[WhiteElo "2167"]
[BlackElo "1969"]
[PlyCount "65"]
[EventDate "2025.04.26"]
[EventType "team-tourn"]
[EventCountry "CHN"]
[SourceTitle "playchess.com"]
[Source "ChessBase"]
[SourceQuality "1"]
[TimeControl "5400+30"]

1. d4 d5 2. c4 e6 3. Nc3 Be7 4. Nf3 Nf6 5. Bf4 O-O 6. e3 Nbd7 7. c5 c6 8. Bd3 b6 9. b4 a5 10. a3 Ba6 11. Bxa6 Rxa6 12. h3 Ne4 13. Ne2 Qa8 14. O-O b5 15. Ne5 Qb7 16. Nxd7 Qxd7 17. f3 Nf6 18. a4 Qb7 19. axb5 Qxb5 20. bxa5 Rxa5 21. Rxa5 Qxa5 22. Qa1 Qxa1 23. Rxa1 Rc8 24. Nc3 Ne8 25. Ra7 Kf8 26. Na4 f6 27. Nb6 Rd8 28. Bc7 Nxc7 29. Rxc7 e5 30. Rxc6 exd4 31. exd4 f5 32. Rc7 Bg5 33. Kf2 1-0

[Event "Chinese Team-ch Men 2025"]
[Site "Zhang Jiakou Hebei"]
[Date "2025.04.25"]
[Round "1.13"]
[White "Li, Di"]
[Black "Wan, Yunguo"]
[Result "0-1"]
[Annotator "RC"]
[ECO "A36"]
[WhiteElo "2571"]
[BlackElo "2500"]
[PlyCount "74"]
[EventDate "2025.04.26"]
[EventType "team-tourn"]
[EventCountry "CHN"]
[SourceTitle "playchess.com"]
[Source "ChessBase"]
[SourceQuality "1"]
[TimeControl "5400+30"]

1. e4 c5 2. c4 Nc6 3. Nc3 g6 4. g3 Bg7 5. Bg2 d6 6. d3 e5 7. Rb1 Rb8 8. a3 a5 9. Be3 Nd4 10. Nf3 Ne7 11. b4 axb4 12. axb4 cxb4 13. Nd5 Nxf3+ 14. Bxf3 Nxd5 15. cxd5 Bh3 16. Bg4 Bxg4 17. Qxg4 O-O 18. O-O f5 19. Qh3 Qa5 20. Rfc1 Qb5 21. Rb3 Rf7 22. Rc4 fxe4 23. Rc8+ Rxc8 24. Qxc8+ Bf8 25. Qc4 Qa6 26. Qxe4 Bh6 27. Rxb4 Bxe3 28. Qxe3 Qa5 29. Qe4 Qc5 30. Kh1 Qxf2 31. Rb1 Qc2 32. Ra1 Rf2 33. Kg1 Kg7 34. Rf1 Rxf1+ 35. Kxf1 Qxh2 36. Qg4 Qh1+ 37. Ke2 Qh5 0-1

[Event "Chinese Team-ch Men 2025"]
[Site "Zhang Jiakou Hebei"]
[Date "2025.04.25"]
[Round "1.14"]
[White "Zhang, Ziji"]
[Black "Zhao, Yuanhe"]
[Result "0-1"]
[Annotator "ChessBase"]
[ECO "E62"]
[WhiteElo "2371"]
[BlackElo "2482"]
[PlyCount "130"]
[EventDate "2025.04.26"]
[EventType "team-tourn"]
[EventCountry "CHN"]
[SourceTitle "playchess.com"]
[Source "ChessBase"]
[SourceQuality "1"]
[TimeControl "5400+30"]

1. d4 Nf6 2. c4 d6 3. Nf3 g6 4. g3 Bf5 5. Bg2 c6 6. O-O Bg7 7. Nc3 O-O 8. Bg5 Ne4 9. Nxe4 Bxe4 10. Qd2 Re8 11. Rac1 Nd7 12. Rfd1 Qc7 13. Qf4 f5 14. Qd2 a5 15. Bf1 Bxf3 16. exf3 a4 17. Rc2 Qa5 18. Qc1 e6 19. h4 d5 20. h5 dxc4 21. hxg6 hxg6 22. Bxc4 Nb6 23. Kg2 Nd5 24. Re2 Kf7 25. a3 Rh8 26. Rde1 Rae8 27. Qd1 Rh5 28. f4 Rhh8 29. Ba2 Qb5 30. Qd2 Rh5 31. Qd1 Bf8 32. Rc2 Bd6 33. Bc4 Qa5 34. Be2 Rh7 35. Bf3 Qb5 36. Rce2 Nc7 37. d5 Nxd5 38. Qd4 Qb3 39. Re3 Qb6 40. Qxb6 Nxb6 41. Bd1 Bc5 42. Rd3 Ra8 43. Re2 Nd5 44. Rc2 Bf8 45. Rc4 Bg7 46. Rd2 Rhh8 47. Rxa4 Rxa4 48. Bxa4 Ra8 49. Bd1 Ke8 50. Be2 Kd7 51. Kf1 b5 52. Bd1 Kd6 53. Ke2 c5 54. Ke1 c4 55. Rc2 c3 56. bxc3 Bxc3+ 57. Kf1 Rxa3 58. Bh6 Ra8 59. Rc1 Rh8 60. Bg5 Rh1+ 61. Ke2 Bb2 62. Rc8 Nc3+ 63. Kd2 Nxd1 64. Kc2 Kd5 65. Rd8+ Ke4 0-1

[Event "Chinese Team-ch Men 2025"]
[Site "Zhang Jiakou Hebei"]
[Date "2025.04.25"]
[Round "1.15"]
[White "Jiang, Qinyu"]
[Black "Fan, Jingyi"]
[Result "1-0"]
[Annotator "ChessBase"]
[ECO "B41"]
[WhiteElo "2280"]
[BlackElo "2175"]
[PlyCount "103"]
[EventDate "2025.04.26"]
[EventType "team-tourn"]
[EventCountry "CHN"]
[SourceTitle "playchess.com"]
[Source "ChessBase"]
[SourceQuality "1"]
[TimeControl "5400+30"]

1. e4 c5 2. Nf3 e6 3. d4 cxd4 4. Nxd4 a6 5. a3 b5 6. a4 b4 7. Nd2 Qc7 8. Bd3 Nf6 9. Qe2 d6 10. N2b3 Bb7 11. Bd2 d5 12. e5 Ne4 13. f4 Nd7 14. Be3 Ndc5 15. O-O Be7 16. f5 Qxe5 17. Bf4 Qf6 18. fxe6 Nxe6 19. Be3 Qe5 20. Nxe6 Qxe6 21. Nd4 Qe5 22. Nf5 Nd6 23. Bd4 Qxe2 24. Nxg7+ Kd7 25. Bxe2 Rhg8 26. Nf5 Nxf5 27. Rxf5 Raf8 28. Rh5 Kc6 29. Rf1 Bc8 30. Rxh7 Be6 31. Bxa6 Rg4 32. Bb5+ Kb7 33. c3 Bg5 34. Bc5 bxc3 35. Bxf8 Be3+ 36. Kh1 c2 37. Bh6 Bxh6 38. Rxh6 Rd4 39. Be2 Rd2 40. Bf3 Kb6 41. h4 d4 42. Kg1 d3 43. Rc1 Kc5 44. a5 Kd4 45. Rxe6 fxe6 46. a6 Ke3 47. a7 Re2 48. Bxe2 Kxe2 49. a8=Q Kd2 50. Qa1 e5 51. Re1 e4 52. Qc1# 1-0

[Event "Chinese Team-ch Men 2025"]
[Site "Zhang Jiakou Hebei"]
[Date "2025.04.25"]
[Round "1.16"]
[White "Zhang, Jingran"]
[Black "Gong, Bonuonuo"]
[Result "1-0"]
[Annotator "NA"]
[ECO "A26"]
[WhiteElo "1787"]
[BlackElo "1709"]
[PlyCount "101"]
[EventDate "2025.04.26"]
[EventType "team-tourn"]
[EventCountry "CHN"]
[SourceTitle "playchess.com"]
[Source "ChessBase"]
[SourceQuality "1"]
[TimeControl "5400+30"]

1. Nf3 g6 2. g3 Bg7 3. Bg2 e5 4. d3 Nc6 5. O-O d6 6. c4 f5 7. Nc3 Nf6 8. Rb1 O-O 9. b4 h6 10. Qc2 g5 11. b5 Ne7 12. c5 Be6 13. a4 Ned5 14. Nxd5 Bxd5 15. Ba3 Qe7 16. Rfc1 e4 17. Nd4 exd3 18. Qxd3 Bxg2 19. Kxg2 Ne4 20. Qc4+ Kh7 21. cxd6 cxd6 22. Ne6 Rfc8 23. Qd5 Kg6 24. Nxg7 Qxg7 25. Rxc8 Rxc8 26. Qe6+ Qf6 27. Qxc8 Qd4 28. Qg8+ Qg7 29. Qxg7+ Kxg7 30. Rc1 Kf6 31. f3 Nd2 32. Bb2+ Ke6 33. Rc3 d5 34. Rc7 Nc4 35. Bd4 b6 36. Rxa7 Kd6 37. Rh7 h5 38. Rxh5 Kc7 39. Rxg5 Nd6 40. Be5 Kd7 41. Bxd6 Kxd6 42. h4 d4 43. Rxf5 d3 44. exd3 Kc7 45. h5 Kd6 46. h6 Kc7 47. h7 Kd6 48. h8=Q Kc7 49. Qd4 Kb7 50. Qd7+ Kb8 51. Rf8# 1-0

[Event "Chinese Team-ch Men 2025"]
[Site "Zhang Jiakou Hebei"]
[Date "2025.04.25"]
[Round "1.17"]
[White "Ye, Xuqing"]
[Black "Kong, Xiangrui"]
[Result "0-1"]
[Annotator "ChessBase"]
[ECO "A48"]
[WhiteElo "1938"]
[BlackElo "2451"]
[PlyCount "86"]
[EventDate "2025.04.26"]
[EventType "team-tourn"]
[EventCountry "CHN"]
[SourceTitle "playchess.com"]
[Source "ChessBase"]
[SourceQuality "1"]
[TimeControl "5400+30"]

1. d4 Nf6 2. Bf4 g6 3. Nf3 Bg7 4. e3 O-O 5. Nbd2 d6 6. Be2 Nh5 7. Bg5 h6 8. Bh4 g5 9. Nxg5 hxg5 10. Bxg5 Nf6 11. h4 c5 12. h5 Nh7 13. h6 Bxd4 14. exd4 Nxg5 15. Bd3 Qd7 16. Rh5 Qe6+ 17. Kf1 Nh7 18. Bf5 Qxf5 19. Rxf5 Bxf5 20. Qf3 Bxc2 21. Ne4 Kh8 22. dxc5 Bxe4 23. Qxe4 Nc6 24. cxd6 exd6 25. Re1 Rg8 26. Qd5 Nf6 27. Qxd6 Rg6 28. Qc7 Rxh6 29. f3 Nb4 30. Qc4 Nbd5 31. Re5 Rd8 32. Qd4 Rd7 33. Rf5 Ne7 34. Qf4 Nxf5 35. Qxf5 Rd2 36. Kg1 Rxb2 37. a4 Ra2 38. a5 Kg7 39. g4 Nh7 40. Qe5+ Kg8 41. Qd5 Rhh2 42. Qd8+ Nf8 43. Qg5+ Ng6 0-1

[Event "Chinese Team-ch Men 2025"]
[Site "Zhang Jiakou Hebei"]
[Date "2025.04.25"]
[Round "1.18"]
[White "Xie, Kaifan"]
[Black "Yu, Zhe"]
[Result "1-0"]
[Annotator "ChessBase"]
[ECO "A67"]
[WhiteElo "2435"]
[BlackElo "1837"]
[PlyCount "93"]
[EventDate "2025.04.26"]
[EventType "team-tourn"]
[EventCountry "CHN"]
[SourceTitle "playchess.com"]
[Source "ChessBase"]
[SourceQuality "1"]
[TimeControl "5400+30"]

1. d4 Nf6 2. c4 c5 3. d5 e6 4. Nc3 exd5 5. cxd5 d6 6. e4 g6 7. f4 Bg7 8. Bb5+ Nfd7 9. a4 O-O 10. Nf3 Na6 11. O-O Nb4 12. Re1 a6 13. Bf1 Nf6 14. h3 Re8 15. Bc4 Nd7 16. Be3 Nb6 17. Bf1 a5 18. Bf2 Bd7 19. Bh4 Qb8 20. Qd2 f5 21. e5 dxe5 22. fxe5 Bxe5 23. Rxe5 Rxe5 24. Bg3 Re1 25. Bxb8 Rxa1 26. Qh6 N6xd5 27. Ng5 Nf6 28. Be5 Ra6 29. Nxh7 Be8 30. Bxf6 Rxf6 31. Nxf6+ Kf7 32. Nxe8 Kxe8 33. Qxg6+ Kd7 34. Qxf5+ Kc6 35. Qe6+ Kc7 36. Nb5+ Kd8 37. Qf7 Rd1 38. Qc7+ Ke8 39. Nd6+ Rxd6 40. Qxd6 Nc6 41. Be2 Kf7 42. Bh5+ Kg7 43. Qg6+ Kh8 44. Qf6+ Kg8 45. Qf7+ Kh8 46. Bg6 Ne5 47. Qh7# 1-0

[Event "Chinese Team-ch Men 2025"]
[Site "Zhang Jiakou Hebei"]
[Date "2025.04.25"]
[Round "1.19"]
[White "Zhai, Bugong"]
[Black "Zhu, Hengyi"]
[Result "0-1"]
[Annotator "ChessBase"]
[ECO "A20"]
[WhiteElo "1661"]
[BlackElo "2385"]
[PlyCount "80"]
[EventDate "2025.04.26"]
[EventType "team-tourn"]
[EventCountry "CHN"]
[SourceTitle "playchess.com"]
[Source "ChessBase"]
[SourceQuality "1"]
[TimeControl "5400+30"]

1. c4 e5 2. g3 Nf6 3. Bg2 c6 4. Nf3 e4 5. Nd4 d5 6. cxd5 Qb6 7. Nc2 Bc5 8. O-O cxd5 9. Nc3 Qe6 10. d3 O-O 11. dxe4 dxe4 12. Bg5 Nbd7 13. b4 Bb6 14. Be3 Qc4 15. Bxb6 Nxb6 16. Qd4 Bf5 17. Qxc4 Nxc4 18. Nd4 Bg6 19. e3 Ne5 20. Rfb1 Rfd8 21. Bh3 h5 22. a4 Nh7 23. Bf5 Rxd4 24. Bxg6 Rc4 25. Bxh7+ Kxh7 26. Nb5 Nf3+ 27. Kg2 Rd8 28. Nxa7 Rd2 29. Rd1 Re2 30. Nb5 Ne5 31. Nd6 Rcc2 32. Rf1 Ng4 33. Nxe4 Nxe3+ 34. Kf3 Nxf1 35. Rxf1 Rb2 36. b5 Rec2 37. Ke3 Rc4 38. Ra1 f6 39. f3 Rb3+ 40. Kf4 g5+ 0-1

[Event "Chinese Team-ch Men 2025"]
[Site "Zhang Jiakou Hebei"]
[Date "2025.04.25"]
[Round "1.21"]
[White "Xu, Yi"]
[Black "Gong, Changda"]
[Result "1/2-1/2"]
[Annotator "ChessBase"]
[ECO "C78"]
[WhiteElo "2480"]
[BlackElo "2131"]
[PlyCount "62"]
[EventDate "2025.04.26"]
[EventType "team-tourn"]
[EventCountry "CHN"]
[SourceTitle "playchess.com"]
[Source "ChessBase"]
[SourceQuality "1"]
[TimeControl "5400+30"]

1. e4 e5 2. Nf3 Nc6 3. Bb5 a6 4. Ba4 Nf6 5. O-O b5 6. Bb3 Bc5 7. c3 d6 8. d4 Bb6 9. Be3 O-O 10. Nbd2 Re8 11. h3 exd4 12. cxd4 Na5 13. Bc2 Bb7 14. Qb1 Nc4 15. Nxc4 bxc4 16. Nd2 Rb8 17. Nxc4 Bxe4 18. Bxe4 Nxe4 19. Qd3 d5 20. Ne5 Qd6 21. Qxa6 Bxd4 22. Qxd6 cxd6 23. Nc6 Bxb2 24. Nxb8 Bxa1 25. Rxa1 Rxb8 26. a4 Nc5 27. Rd1 Nxa4 28. Rxd5 Nb6 29. Rxd6 Nc4 30. Rd3 Nxe3 31. Rxe3 g6 1/2-1/2

[Event "Chinese Team-ch Men 2025"]
[Site "Zhang Jiakou Hebei"]
[Date "2025.04.25"]
[Round "1.22"]
[White "Qu, Haoming"]
[Black "Lou, Yiping"]
[Result "0-1"]
[Annotator "ChessBase"]
[ECO "B22"]
[WhiteElo "2066"]
[BlackElo "2464"]
[PlyCount "130"]
[EventDate "2025.04.26"]
[EventType "team-tourn"]
[EventCountry "CHN"]
[SourceTitle "playchess.com"]
[Source "ChessBase"]
[SourceQuality "1"]
[TimeControl "5400+30"]

1. e4 c5 2. Nf3 e6 3. c3 Nf6 4. e5 Nd5 5. d4 cxd4 6. cxd4 d6 7. Bc4 dxe5 8. dxe5 b6 9. O-O Bb7 10. Qe2 Bc5 11. a3 O-O 12. Bd3 Nd7 13. Rd1 Qc7 14. Bg5 h6 15. Bd2 Rfd8 16. b4 Bf8 17. Ra2 a5 18. Rc1 Qb8 19. bxa5 bxa5 20. Rac2 Rc8 21. Rxc8 Bxc8 22. Bb5 Nc5 23. Nd4 Bb7 24. a4 Nb4 25. Nc3 Qd8 26. Be3 Qh4 27. h3 Rd8 28. Rd1 Ne4 29. Nxe4 Qxe4 30. Nf3 Nd5 31. Bd2 Nf4 32. Qxe4 Bxe4 33. Re1 Nxh3+ 34. gxh3 Bxf3 35. Bxa5 Rc8 36. Bb6 g5 37. Kh2 Bb4 38. Re3 Bd5 39. Re2 Rc1 40. f3 Bxf3 41. Rf2 Be4 42. Re2 Bd5 43. Bg1 h5 44. Bd3 Bc3 45. a5 Bxa5 46. Be4 Bxe4 47. Rxe4 Re1 48. Rc4 Rxe5 49. Rc8+ Kh7 50. Bd4 Rd5 51. Rh8+ Kg6 52. Rg8+ Kf5 53. Be3 f6 54. h4 Bc7+ 55. Kg2 gxh4 56. Rh8 Ke4 57. Bf2 Rd2 58. Kf1 Bg3 59. Bxg3 hxg3 60. Rxh5 f5 61. Rh6 Kf3 62. Rxe6 Rd1+ 63. Re1 g2+ 64. Kg1 Rxe1+ 65. Kh2 Rh1# 0-1